Map: Abyssal Reef LE

Players

GNoMeiNBRaiN - Winner!

  • Race: Zerg Zerg
  • League: Platinum
  • Spawn Location: 5:00

WaterBlade

  • Race: Protoss Protoss
  • Spawn Location: 11:00

VOD

Have the link to the VOD?

Description

ZvP Practice - Carrier vs Roach Hydra

Time

  • Played on: April 16, 2017, 12:03 a.m.
  • Length: 14:57
Show
View Real Time Build Order
Export as new Build Order

GNoMeiNBRaiN Zerg - Winner!

Build Orders: Hatch First 

Get SALT Encoding   

  12  0:01  Drone  
  13  0:13  Overlord  
  13  0:22  Drone  
  14  0:33  Drone x2  
  16  0:36  Drone  
  17  0:54  Hatchery  
  16  0:57  Drone  
  16  0:59  Drone  
  16  1:02  Extractor  
  17  1:16  Spawning Pool  
  17  1:18  Drone  
  17  1:23  Drone  
  18  1:29  Drone  
  19  1:40  Overlord  
  19  1:52  Drone  
  20  2:03  Metabolic Boost  
  20  2:04  Queen  
  20  2:06  Queen  
  24  2:09  Zergling x2  
  24  2:13  Zergling x2  
  26  2:17  Drone  
  27  2:23  Drone x2  
  27  2:27  Drone  
  30  2:37  Drone  
  31  2:38  Drone  
  32  2:48  Drone  
  32  2:50  Overlord  
  33  2:55  Drone  
  34  3:01  Drone  
  35  3:05  Drone  
  35  3:10  Drone  
  37  3:23  Drone, Overlord  
  37  3:24  Drone x2  
  40  3:35  Drone, Hatchery  
  40  3:36  Drone x4  
  44  3:46  Drone  
  44  3:47  Drone  
  46  3:53  Drone x3  
  49  4:01  Extractor  
  47  4:10  Drone  
  47  4:11  Drone x3  
  47  4:16  Overlord x2  
  51  4:30  Evolution Chamber  
  50  4:31  Queen  
  50  4:32  Evolution Chamber, Lair  
  50  4:33  Roach Warren  
  50  4:38  Drone x2  
  52  4:39  Extractor  
  52  4:40  Drone x3  
  52  4:42  Drone x3  
  57  4:54  Zergling x2  
  57  4:58  Zerg Missile Weapons Level 1  
  58  5:05  Extractor  
  57  5:09  Queen  
  57  5:10  Drone x5  
  57  5:11  Drone x4  
  68  5:29  Zerg Ground Armor Level 1  
  68  5:34  Glial Reconstitution  
  68  5:39  Spine Crawler  
  68  5:41  Spore Crawler  
  66  5:43  Spore Crawler  
  66  5:46  Spore Crawler  
  64  6:02  Drone x4  
  68  6:06  Extractor  
  68  6:07  Extractor  
  68  6:09  Hydralisk Den  
  65  6:14  Overseer  
  65  6:21  Roach  
  65  6:22  Roach x3  
  65  6:24  Overlord  
  65  6:25  Overlord x8  
  73  6:44  Drone x3  
  73  6:45  Drone x3  
  79  6:58  Hatchery  
  79  7:00  Zerg Missile Weapons Level 2  
  78  7:02  Hydralisk x8  
  94  7:10  Drone x4  
  94  7:13  Muscular Augments  
  98  7:21  Overlord x3  
  98  7:33  Roach x3  
  104  7:57  Roach  
  104  7:58  Roach x10  
  126  8:10  Drone  
  126  8:11  Drone x4  
  131  8:13  Hydralisk x4  
  131  8:14  Hydralisk x2  
  143  8:20  Infestation Pit  
  142  8:27  Queen  
  144  8:41  Zerg Ground Armor Level 2  
  144  8:42  Extractor  
  144  8:45  Extractor  
  144  8:48  Lurker Den  
  142  8:58  Overseer x4  
  142  9:12  Drone x3  
  142  9:14  Drone x3  
  148  9:29  Hive  
  148  9:34  Roach  
  148  9:35  Roach x12  
  148  9:38  Overlord x4  
  174  9:39  Overlord x4  
  174  10:01  Hydralisk  
  174  10:02  Hydralisk x10  
  175  11:18  Pathogen Glands  
  175  11:20  Spire  
  174  11:33  Hatchery  
  173  11:53  Spire  
  172  11:57  Infestor  
  172  11:58  Infestor x9  
  192  12:03  Overlord x4  
  192  12:04  Overlord x2  
  192  12:15  Neural Parasite  
  192  12:25  Overlord x2  
  132  13:52  Hatchery  
  123  14:13  Hatchery  
  114  14:27  Hatchery  
  107  14:41  Hatchery  
Show
View Real Time Build Order
Export as new Build Order

WaterBlade Protoss 

Build Orders: Nexus First 

Get SALT Encoding   

  12  0:01  Probe (Chrono Boost)  
  13  0:12  Probe (Chrono Boost)  
  14  0:26  Pylon  
  14  0:32  Probe (Chrono Boost)  
  15  0:44  Probe (Chrono Boost)  
  16  1:01  Nexus  
  16  1:04  Probe (Chrono Boost)  
  17  1:15  Probe (Chrono Boost), Pylon  
  19  1:25  Probe (Chrono Boost)  
  19  1:27  Assimilator  
  19  1:34  Gateway  
  19  1:36  Probe (Chrono Boost)  
  20  1:43  Assimilator  
  20  1:46  Probe (Chrono Boost)  
  21  1:57  Probe (Chrono Boost)  
  22  2:02  Pylon  
  22  2:09  Probe (Chrono Boost)  
  23  2:20  Probe (Chrono Boost)  
  24  2:24  Cybernetics Core  
  24  2:30  Probe (Chrono Boost)  
  24  2:31  Probe (Chrono Boost)  
  26  2:40  Gateway  
  26  2:41  Probe x2 (Chrono Boost)  
  28  2:47  Forge  
  28  2:51  Probe (Chrono Boost)  
  28  2:54  Probe (Chrono Boost)  
  30  3:02  Adept  
  30  3:04  Warp Gate  
  32  3:08  Pylon  
  32  3:11  Pylon  
  32  3:15  Mothership Core (Chrono Boost)  
  34  3:20  Pylon  
  34  3:24  Pylon  
  34  3:27  Pylon  
  34  3:32  Zealot  
  36  3:43  Photon Cannon  
  36  3:52  Photon Cannon  
  35  4:11  Pylon  
  35  4:14  Photon Cannon  
  35  4:20  Adept  
  35  4:21  Probe (Chrono Boost)  
  35  4:22  Probe (Chrono Boost)  
  39  4:32  Probe (Chrono Boost), Stargate  
  39  4:36  Stargate  
  40  4:44  Assimilator  
  40  4:46  Assimilator  
  40  4:47  Probe x2 (Chrono Boost)  
  42  4:55  Photon Cannon  
  42  4:58  Probe x2 (Chrono Boost)  
  44  5:08  Probe x2 (Chrono Boost)  
  46  5:19  Probe x2 (Chrono Boost)  
  48  5:24  Void Ray  
  48  5:27  Void Ray  
  56  5:29  Probe (Chrono Boost)  
  57  5:38  Fleet Beacon  
  57  5:44  Adept  
  59  5:50  Sentry  
  61  6:05  Pylon  
  61  6:08  Pylon  
  61  6:21  Carrier x2  
  73  6:27  Graviton Catapult  
  73  6:35  Forge  
  73  7:02  Stargate  
  73  7:08  Protoss Air Weapons Level 1  
  73  7:30  Protoss Shields Level 1  
  73  7:39  Carrier  
  73  7:42  Pylon  
  73  7:45  Pylon  
  73  7:47  Carrier  
  85  7:58  Carrier  
  90  8:24  Pylon  
  90  8:26  Pylon  
  90  8:49  Zealot x2  
  90  8:54  Carrier  
  100  9:12  Carrier  
  106  9:22  Protoss Air Armor Level 1  
  106  9:26  Carrier  
  112  9:46  Nexus  
  111  9:54  Zealot x2  
  115  10:08  Carrier  
  121  10:30  Nexus  
  109  10:38  Carrier  
  114  10:58  Void Ray  
  118  11:29  Void Ray  
  118  11:32  Nexus  
  118  11:34  Pylon  
  118  11:35  Void Ray  
  118  11:37  Pylon  
  126  12:10  Nexus  
  126  12:15  Pylon  
  125  13:17  Void Ray  
  125  13:19  Stalker x2  
  129  13:22  Void Ray  
Tags
 
Add a new tag
Caveats
  • Supply blocks, unpowered buildings, or Contaminate may cause inaccurate times.
  • Supply counts are checked every 10 seconds.